 Dungeon Crawl Stone Soup version 0.19-a0 (webtiles) character file.

113 Loki the Ruffian (level 4, -8/41 HPs)
             Began as a Troll Warper on Apr 27, 2016.
             Mangled by an ogre
             ... wielding a cursed -1 giant club
              (32 damage)
             ... on level 4 of the Dungeon.
             The game lasted 00:04:11 (425 turns).

Loki the Ruffian (Troll Warper)                      Turns: 425, Time: 00:04:12

Health: -8/41      AC:  5    Str: 19    XL:     4   Next: 65%
Magic:  4/4        EV: 10    Int: 10    God:
Gold:   30         SH:  0    Dex:  9    Spells: 1 memorised, 4 levels left

rFire  . . .     SeeInvis .       - Unarmed
rCold  . . .     Gourm    +     a - +0 robe
rNeg   . . .     Faith    .     (no shield)
rPois  .         Spirit   .     (helmet restricted)
rElec  .         Dismiss  .     (no cloak)
rCorr  .         Reflect  .     (gloves unavailable)
SustAt .         Harm     .     (boots unavailable)
MR     .....                    (no amulet)
Stlth  +.........               (no ring)
                                (no ring)

@: not resistant to hostile enchantments, very unstealthy
A: unfitting armour, claws 3, fast metabolism 3, gourmand, regeneration 2,
shaggy fur 1, tough skin 2
a: no special abilities


You were on level 4 of the Dungeon.
You were not hungry.

You visited 1 branch of the dungeon, and saw 5 of its levels.

You collected 30 gold pieces.

Inventory:

Missiles
 d - 3 tomahawks of dispersal (quivered)
Armour
 a - a +0 robe (worn)
Wands
 k - a wand of digging (18/24)
Scrolls
 c - a scroll of blinking
 g - a scroll of amnesia {unknown}
 h - a scroll of enchant armour {unknown}
 j - a scroll of fog {unknown}
 m - 3 scrolls of identify {unknown}
Potions
 e - a potion of curing {unknown}
 i - a potion of heal wounds {unknown}
 l - a potion of flight {unknown}
Books
 b - a book of Spatial Translocations

   Spells                             Type                      Level
   a - Apportation                    Translocation                1
   b - Blink                          Translocation                2
   c - Shroud of Golubria             Charms/Translocation         2
   d - Portal Projectile              Translocation                3
   e - Teleport Other                 Translocation                3
   f - Passage of Golubria            Translocation                4
Comestibles
 f - 2 bread rations
 n - a meat ration


   Skills:
 - Level 1.5 Fighting
 - Level 0.8 Throwing
 - Level 1.9 Dodging
 + Level 4.9 Unarmed Combat
 - Level 1.2 Spellcasting
 - Level 2.1 Translocations


You had 4 spell levels left.
You knew the following spells:

 Your Spells              Type           Power        Failure   Level  Hunger
a - Apportation           Tloc           #.........   14%         1    ##.....


Dungeon Overview and Level Annotations

Branches:
Dungeon (5/15)
 Temple: D:4-7

Altars:
Ashenzari
Yredelemnul


Innate Abilities, Weirdness & Mutations

You are too large for most types of armour.
You have claws for hands.
Your metabolism is lightning-fast.
You like to eat raw meat.
You heal very quickly.
You are covered in fur (AC +1).
You have very tough skin (AC +2).


Message History

You see here a meat ration.
n - a meat ration You see here 6 gold pieces.
You now have 30 gold pieces (gained 6).
The kobold hits you with a short sword.
You scratch the kobold but do no damage.
The kobold completely misses you.
You barely miss the kobold. The kobold hits you but does no damage.
You claw the kobold!
You kill the kobold!
You see here a short sword.
You see here a stone.
There is an open door here.
There is a stone staircase leading down here.
You climb downwards.
The ogre hits you with a giant club!
There is a stone staircase leading up, spattered with blood here.
You barely miss the ogre.
The ogre is lightly wounded.
The ogre hits you with a giant club!!
Ouch! That really hurt!
You die...

...# #....# .#.# #....# .#
.## #....# .# ..# #....#
.###.# .# #####....#
...(.# .# #.....# .....#
.#...###.# .....###.#.#
#.# ...........# #@# ##
####......######O# #..
#...........#.## .... #
##...######....####....
.####.#.#### ###..<#......
......#....# ###.#.....#..
##..##..##.###.......#....
###....###.#............##
....######...#...[....#.#


You could see an ogre.

Vanquished Creatures
  Natasha (D:3)
  3 worker ants (D:4)
  A worm (D:2)
  A dart slug (D:4)
  A giant gecko (D:2)
  An orc (D:4)
  A bat (D:2)
  A giant cockroach (D:2)
  2 hobgoblins (D:3)
  A giant newt (D:2)
  A kobold (D:3)
14 creatures vanquished.

Notes
Turn   | Place    | Note
--------------------------------------------------------------
     0 | D:1      | Loki the Troll Warper began the quest for the Orb.
     0 | D:1      | Reached XP level 1. HP: 19/19 MP: 1/1
    43 | D:2      | Found a basalt altar of Yredelemnul.
   104 | D:2      | Reached XP level 2. HP: 20/27 MP: 2/2
   262 | D:4      | Reached skill level 3 in Unarmed Combat
   268 | D:4      | Found a shattered altar of Ashenzari.
   305 | D:4      | Reached XP level 3. HP: 29/33 MP: 3/3
   312 | D:4      | Reached skill level 4 in Unarmed Combat
   323 | D:5      | Entered Level 5 of the Dungeon
   331 | D:4      | Noticed an ogre
   342 | D:4      | Reached XP level 4. HP: 20/41 MP: 4/4
   358 | D:3      | Noticed Natasha
   374 | D:3      | Killed Natasha
   425 | D:4      | Mangled by an ogre

Vault maps used:
D:1:      saegor_arrival_simple_e
D:2:      yredelemnul_altar_generic, ecumenical_altar_1
D:3:      lemuel_doored_altar, uniq_natasha
D:4:      overflow_temple_1_default
D:5:      first_bread, st_stairs_13, minmay_misc_feat_tiny, uniq_edmund

Skill      XL: |  1  2  3 |
---------------+----------+-----
Unarmed Combat | 3 4 |  4.9
Fighting       | |  1.5
Throwing       | |  0.8
Dodging        | |  1.9
Spellcasting   | |  1.2
Translocations | |  2.1

Action                   |  1- 3 |  4- 6 || total
-------------------------+-------+-------++-------
Melee: Unarmed           |    41 |    12 ||    53
Throw: Tomahawk          |     2 |       ||     2
  Use: Scroll            |     1 |       ||     1
  Eat: Chunk             |     2 |       ||     2
Armor: Robe              |    44 |     5 ||    49
Dodge: Dodged            |    63 |     5 ||    68
